 Dungeon Crawl Stone Soup version 0.31-a0-175-g9f7f995f2b (webtiles) character file.

Game seed: 10453517662856726465

682 qw the Chopper (level 7, -2/43 HPs)
             Began as a Gargoyle Fighter on June 16, 2023.
             Was a Follower of Okawaru.
             Slain by a gnoll
             ... wielding a +0 whip
              (4 damage)
             ... on level 4 of the Dungeon.
             The game lasted 00:01:45 (2916 turns).

qw the Chopper (Gargoyle Fighter)                   Turns: 2916, Time: 00:01:46

Health: -2/43      AC: 13    Str: 22    XL:     7   Next: 61%
Magic:  7/9        EV: 11    Int:  8    God:    Okawaru [*.....]
Gold:   156        SH:  5    Dex:  9    Spells: 6/6 levels left

rFire   . . .        Y - +2 war axe
rCold   . . .        c - +0 buckler
rNeg    + . .        b - +0 scale mail
rPois   inf          (no helmet)
rElec   +            (no cloak)
rCorr   .            (no gloves)
SInv    .            (no boots)
Will    .....        (no amulet)
Stlth   +            (no ring)
HPRegen 0.27/turn    (no ring)
MPRegen 0.11/turn

%: no passive effects
@: about to teleport, heroic
A: sickness immunity, AC +4, negative energy resistance 1, electricity
resistance, torment resistance 1, petrification resistance
a: Renounce Religion, Heroism


You were on level 4 of the Dungeon.
You worshipped Okawaru.
Okawaru was aware of your devotion.
You visited 1 branch of the dungeon, and saw 4 of its levels.

You collected 156 gold pieces.


Innate Abilities, Weirdness & Mutations

You are immune to sickness and miasma.
Your stone body is resilient. (AC +4)
You are immune to poison.
You resist negative energy. (rN+)
You are resistant to electric shocks. (rElec)
You are resistant to unholy torment.
You are immune to petrification.


   Skills:
 - Level 4.0(9.0) Fighting
 + Level 6.1(11.1) Axes
 - Level 3.2(8.2) Armour
 - Level 1.3(6.3) Dodging
 - Level 3.2(8.2) Shields
 + Level 3.8 Invocations


You had 6 spell levels left.
You didn't know any spells.
Your spell library was empty.

Inventory:

Hand Weapons
 m - a +0 mace
 Y - a +2 war axe (weapon)
Armour
 b - a +0 scale mail (worn)
 c - a +0 buckler (worn)
Jewellery
 g - a ring of ice
Scrolls
 k - a scroll of identify
Potions
 d - a potion of might
 f - a potion of magic {unknown}
 h - a potion of heal wounds {unknown}
 i - a potion of lignification {unknown}
 j - a potion of degeneration {unknown}

Dungeon Overview and Level Annotations

Branches:
Dungeon (4/15)
 Temple: D:4-7

Altars:
Cheibriados
Nemelex Xobeh
Okawaru
Uskayaw

Annotations:
D:3 1 transporter


Message History

Enter note:
Enter note: A gnoll comes into view. It is wielding a +0 halberd.
You hear the hiss of a very distant avalanche of sand.
The gnoll shouts!
You hear a shout!
Enter note:
Enter note: A gnoll comes into view. It is wielding a +0 whip.
The gnoll shouts!
Enter note:
Enter note: You slash the gnoll!
You kill the gnoll!
Okawaru accepts your kill.
The gnoll throws a throwing net.
The throwing net hits you.
You become entangled in the net!
You struggle against the net.
You struggle against the net.
The gnoll barely misses you. The gnoll hits you with a +4 flail!
2912 ||| INVOKING Heroism.
You gain the combat prowess of a mighty hero.
The gnoll hits you with a +4 flail.
The gnoll hits you from afar with a +0 halberd!
You struggle against the net.
The gnoll barely misses you.
The gnoll hits you from afar with a +0 halberd.
You rip the net and break free!
You block the gnoll's attack.
The gnoll hits you from afar with a +0 halberd.
2915 ||| READING scroll of teleportation.
As you read the scroll of teleportation, it crumbles to dust.
You feel strangely unstable. You block the gnoll's attack.
The gnoll hits you with a +4 flail! The gnoll closely misses you.
You slash the gnoll!
You kill the gnoll!
Okawaru accepts your kill.
You completely miss the gnoll. The gnoll hits you with a +0 whip.
You die...

.............#
............## .#
...........## .#
#.........## #.#
##.......## #####..#
#......## ##...#.#
##......####....g.##
##......).....))..#
####....##.....@g..##
##....####...........#
#.##### ##..........#
### ##....$...##
###.....## #######


You could see 2 gnolls.

Vanquished Creatures
  Grinder (D:3)
  Sigmund (D:4)
  A black bear (D:3)
  A bullfrog (D:4)
  An orc wizard (D:3)
  7 gnolls
  3 adders
  3 worms
  2 dart slugs
  3 orcs (D:3)
  6 ball pythons
  4 bats
  10 endoplasms
  3 giant cockroaches
  7 goblins
  5 hobgoblins (D:3)
  5 kobolds
  6 quokkas
  A frilled lizard (D:1)
  4 rats
74 creatures vanquished.

Notes
Turn   | Place    | Note
-------+----------+-------------------------------------------
     0 | D:1      | qw the Gargoyle Fighter began the quest for the Orb.
     0 | D:1      | Reached XP level 1. HP: 14/14 MP: 1/1
     0 | D:1      | 0 ||| qw: Version: 0.2-a-29-g511e9b1
     0 | D:1      | 0 ||| qw: Game counter: 5785
     0 | D:1      | 0 ||| qw: Always use a shield: true
     0 | D:1      | 0 ||| qw: God list: Okawaru
     0 | D:1      | 0 ||| qw: Allow faded altars: false
     0 | D:1      | 0 ||| qw: Do Orc after D:15 true
     0 | D:1      | 0 ||| qw: Do second Lair branch before Depths: true
     0 | D:1      | 0 ||| qw: Lair rune preference: random
     0 | D:1      | 0 ||| qw: Plans: Normal, Zot:1-4, Slime:5, God:TSO, Crypt,
                  | Tomb, Abyss, Pan, Hells, Win
     0 | D:1      | 0 ||| PLANNING D:1-11
    76 | D:1      | Reached skill level 2 in Axes
    81 | D:1      | 81 ||| Stepping ~*~*~tactically~*~*~ (stealth).
   161 | D:1      | Reached XP level 2. HP: 14/19 MP: 2/2
   181 | D:1      | 181 ||| Stepping ~*~*~tactically~*~*~ (hiding).
   765 | D:1      | 765 ||| READING scroll labelled SYIL KACWOSUO.
   766 | D:1      | 766 ||| READING scroll labelled HAIRGH NIEDUEKH.
   767 | D:1      | 767 ||| READING scroll labelled DOCHIM YRIH.
   768 | D:1      | 768 ||| READING scroll labelled BAP IWIEREO.
   769 | D:1      | 769 ||| READING scroll labelled ALAGEUC CEFUEHUD.
   770 | D:1      | 770 ||| READING scroll labelled UBUXUCL ZOKK.
   864 | D:2      | Found a snail-covered altar of Cheibriados.
   865 | D:2      | 865 ||| Stepping ~*~*~tactically~*~*~ (stealth).
   867 | D:2      | 867 ||| Stepping ~*~*~tactically~*~*~ (stealth).
   879 | D:2      | Reached skill level 3 in Axes
   879 | D:2      | Reached XP level 3. HP: 17/23 MP: 3/3
   939 | D:2      | 939 ||| Stepping ~*~*~tactically~*~*~ (stealth).
   940 | D:2      | 940 ||| Stepping ~*~*~tactically~*~*~ (stealth).
   962 | D:2      | 962 ||| Stepping ~*~*~tactically~*~*~ (stealth).
  1137 | D:2      | Reached XP level 4. HP: 28/28 MP: 4/4
  1138 | D:2      | Found an iron altar of Okawaru.
  1139 | D:2      | 1139 ||| PLANNING OKAWARU WORSHIP
  1139 | D:2      | 1139 ||| READING scroll labelled SUANUE NUAPPIM.
  1143 | D:2      | 1143 ||| Stepping ~*~*~tactically~*~*~ (hiding).
  1145 | D:2      | 1145 ||| Stepping ~*~*~tactically~*~*~ (hiding).
  1146 | D:2      | 1146 ||| Stepping ~*~*~tactically~*~*~ (hiding).
  1158 | D:2      | 1158 ||| READING scroll labelled CEAHODW MEIXY.
  1165 | D:2      | Became a worshipper of Warmaster Okawaru
  1166 | D:2      | 1166 ||| PLANNING D:1-11
  1247 | D:2      | Reached skill level 4 in Axes
  1750 | D:2      | 1750 ||| READING 4 scrolls labelled HOCWUN COWN.
  1751 | D:2      | 1751 ||| DROPPING 3 scrolls of vulnerability.
  1802 | D:3      | Noticed Grinder
  1809 | D:3      | 1809 ||| Stepping ~*~*~tactically~*~*~ (hiding).
  1810 | D:3      | 1810 ||| Stepping ~*~*~tactically~*~*~ (hiding).
  1827 | D:3      | Killed Grinder
  1827 | D:3      | Reached * piety under Okawaru
  1828 | D:3      | Reached skill level 5 in Axes
  1828 | D:3      | Reached XP level 5. HP: 12/32 MP: 5/5
  1828 | D:3      | Reached XP level 6. HP: 14/37 MP: 6/6
  1853 | D:3      | 1853 ||| FLEEEEING.
  1856 | D:3      | 1856 ||| Stepping ~*~*~tactically~*~*~ (stealth).
  1857 | D:3      | 1857 ||| INVOKING Heroism.
  1858 | D:3      | 1858 ||| Stepping ~*~*~tactically~*~*~ (stealth).
  1869 | D:3      | 1869 ||| FLEEEEING.
  1870 | D:3      | 1870 ||| FLEEEEING.
  1871 | D:3      | 1871 ||| FLEEEEING.
  1926 | D:3      | Found a sparkling altar of Nemelex Xobeh.
  1926 | D:3      | Found a transporter.
  1965 | D:3      | 1965 ||| Stepping ~*~*~tactically~*~*~ (stealth).
  1966 | D:3      | 1966 ||| INVOKING Heroism.
  1976 | D:3      | 1976 ||| INVOKING Heroism.
  2026 | D:3      | 2026 ||| DROPPING +0 club.
  2162 | D:3      | 2162 ||| Stepping ~*~*~tactically~*~*~ (stealth).
  2164 | D:3      | 2164 ||| Stepping ~*~*~tactically~*~*~ (stealth).
  2174 | D:3      | Noticed a black bear
  2175 | D:3      | 2175 ||| INVOKING Heroism.
  2178 | D:3      | Killed a black bear
  2179 | D:3      | Reached skill level 1 in Invocations
  2200 | D:3      | 2200 ||| FLEEEEING.
  2201 | D:3      | 2201 ||| FLEEEEING.
  2203 | D:3      | Noticed a +0 short sword
  2205 | D:3      | Noticed a +0 spear
  2216 | D:3      | Noticed a +0 falchion
  2236 | D:3      | 2236 ||| DROPPING +0 whip.
  2269 | D:3      | Noticed a +0 spear
  2270 | D:3      | Noticed a +0 dagger
  2270 | D:3      | Noticed a +0 short sword
  2272 | D:3      | Noticed a +0 dagger
  2272 | D:3      | Noticed a +0 falchion
  2275 | D:3      | Found a hide-covered altar of Uskayaw.
  2293 | D:3      | 2293 ||| READING scroll of enchant weapon.
  2293 | D:3      | 2293 ||| ENCHANTING +1 war axe.
  2368 | D:3      | 2368 ||| Stepping ~*~*~tactically~*~*~ (stealth).
  2373 | D:3      | 2373 ||| Stepping ~*~*~tactically~*~*~ (stealth).
  2374 | D:3      | 2374 ||| Stepping ~*~*~tactically~*~*~ (stealth).
  2375 | D:3      | 2375 ||| FLEEEEING.
  2376 | D:3      | 2376 ||| FLEEEEING.
  2377 | D:3      | 2377 ||| FLEEEEING.
  2378 | D:3      | 2378 ||| FLEEEEING.
  2379 | D:3      | 2379 ||| FLEEEEING.
  2380 | D:3      | 2380 ||| FLEEEEING.
  2381 | D:3      | 2381 ||| FLEEEEING.
  2382 | D:3      | 2382 ||| FLEEEEING.
  2383 | D:3      | 2383 ||| FLEEEEING.
  2384 | D:3      | 2384 ||| FLEEEEING.
  2385 | D:3      | 2385 ||| FLEEEEING.
  2386 | D:3      | 2386 ||| FLEEEEING.
  2387 | D:3      | 2387 ||| FLEEEEING.
  2388 | D:3      | 2388 ||| FLEEEEING.
  2389 | D:3      | 2389 ||| FLEEEEING.
  2390 | D:3      | 2390 ||| FLEEEEING.
  2391 | D:3      | 2391 ||| FLEEEEING.
  2392 | D:3      | 2392 ||| FLEEEEING.
  2393 | D:3      | 2393 ||| FLEEEEING.
  2394 | D:3      | 2394 ||| FLEEEEING.
  2395 | D:3      | 2395 ||| FLEEEEING.
  2397 | D:3      | 2397 ||| FLEEEEING.
  2399 | D:3      | 2399 ||| FLEEEEING.
  2400 | D:3      | 2400 ||| FLEEEEING.
  2401 | D:3      | 2401 ||| FLEEEEING.
  2402 | D:3      | 2402 ||| STAIRDANCE
  2462 | D:2      | 2462 ||| READING scroll labelled MAUFUE DUDI.
  2463 | D:2      | 2463 ||| READING 2 scrolls of identify.
  2463 | D:2      | 2463 ||| IDENTIFYING golden potion
  2464 | D:2      | 2464 ||| DROPPING potion of enlightenment.
  2467 | D:3      | 2467 ||| INVOKING Heroism.
  2474 | D:3      | 2474 ||| STAIRDANCE
  2487 | D:3      | 2487 ||| STAIRDANCE
  2558 | D:3      | 2558 ||| Stepping ~*~*~tactically~*~*~ (stealth).
  2573 | D:3      | 2573 ||| Stepping ~*~*~tactically~*~*~ (stealth).
  2597 | D:3      | Reached XP level 7. HP: 42/43 MP: 8/8
  2599 | D:3      | Found a faded altar of an unknown god.
  2650 | D:3      | 2650 ||| Stepping ~*~*~tactically~*~*~ (stealth).
  2705 | D:3      | 2705 ||| Stepping ~*~*~tactically~*~*~ (stealth).
  2759 | D:4      | 2759 ||| PLANNING OSSUARY
  2770 | D:4      | 2770 ||| Stepping ~*~*~tactically~*~*~ (stealth).
  2771 | D:4      | 2771 ||| Stepping ~*~*~tactically~*~*~ (stealth).
  2810 | D:4      | Reached skill level 1 in Dodging
  2852 | D:4      | Noticed Sigmund
  2854 | D:4      | 2854 ||| Stepping ~*~*~tactically~*~*~ (hiding).
  2855 | D:4      | 2855 ||| INVOKING Heroism.
  2864 | D:4      | Killed Sigmund
  2865 | D:4      | Reached skill level 6 in Axes
  2865 | D:4      | Reached skill level 3 in Invocations
  2912 | D:4      | 2912 ||| INVOKING Heroism.
  2914 | D:4      | HP: 9/43 [gnoll/+0 halberd (5)]
  2915 | D:4      | 2915 ||| READING scroll of teleportation.
  2915 | D:4      | HP: 2/43 [gnoll/+4 flail (8)]
  2916 | D:4      | Slain by a gnoll

Levels and vault maps discovered:
D:1:      mrwooster_arrival_statue_2, layout_basic
D:2:      wad_woods_stonehenge, layout_basic, basic_altar, patterned_corridor
D:3:      layout_rooms, grunt_nemelex_the_gamble, nicolae_uskayaw_en_pointe,
          ebering_ecumenical_altar_box, serial_bayou_pond_b,
          minmay_misc_feat_hallway, grunt_ministairs_1, minmay_ruptured,
          uniq_grinder
D:4:      layout_cave_pods, nicolae_dithmenos_through_a_glass_darkly,
          mainiacjoe_overflow_surrounded_room, serial_shops,
          nicolae_lakefront_shop, nicolae_ossuary_entry_giza, uniq_sigmund,
          uniq_pikel

Skill      XL: |  1  2  3  4  5  6  7 |
---------------+----------------------+-----
Axes           | 2 3 5 6 |  6.1
Fighting       | 4 |  4.0
Invocations    | 2 3 |  3.8
Dodging        | 1 |  1.3
Armour         | |  3.2
Shields        | |  3.2

Action                     |  1- 3 |  4- 6 |  7- 9 || total
---------------------------+-------+-------+-------++-------
  Melee: War axe           |    78 |    99 |    23 ||   200
 Invoke: Heroism           |       |     5 |     2 ||     7
    Use: Scroll            |     6 |     6 |     1 ||    13
 Armour: Scale mail        |    40 |    41 |     3 ||    84
  Dodge: Dodged            |    31 |    37 |    10 ||    78
  Block: Buckler           |    13 |    14 |     3 ||    30

Table legend:
 A = Non-vault XP
 B = Vault XP
 C = Vault XP percentage of total XP
 D = Non-vault monster count
 E = Vault monster count
 F = Vault count percentage of total count
                 A         B        C        D         E       F
            +---------+---------+-------+---------+---------+-------
      Total |     326 |     663 |  67.0 |      56 |      18 |  24.3
            +---------+---------+-------+---------+---------+-------
        D:1 |      22 |       0 |   0.0 |      12 |       0 |   0.0
        D:2 |      46 |      40 |  46.5 |      16 |       8 |  33.3
        D:3 |     137 |     392 |  74.1 |      23 |       9 |  28.1
        D:4 |     121 |     231 |  65.6 |       5 |       1 |  16.7
            +---------+---------+-------+---------+---------+-------
